 Dungeon Crawl Stone Soup version 0.30-a0-50-gb2d611f6b1 (webtiles) character file.

Game seed: 6205042013832535599

98 Destapler the Trooper (level 4, -3/41 HPs)
             Began as a Hill Orc Abyssal Knight on Sept 3, 2022.
             Was a Believer of Lugonu.
             Slain by Natasha (4 damage)
             ... on level 2 of the Dungeon.
             The game lasted 00:03:47 (2322 turns).

Destapler the Trooper (Hill Orc Abyssal Knight)     Turns: 2322, Time: 00:03:48

Health: -3/41      AC: 11    Str: 17    XL:     4   Next: 69%
Magic:  6/6        EV:  5    Int: 10    God:    Lugonu [**....]
Gold:   114        SH:  0    Dex: 11    Spells: 3/3 levels left

rFire   . . .      SeeInvis .    a - +1 hand axe
rCold   . . .      Faith    .    (no shield)
rNeg    . . .      Spirit   .    f - +0 plate armour
rPois   .          Reflect  .    (no helmet)
rElec   .          Harm     .    (no cloak)
rCorr   .          Rampage  .    (no gloves)
Will    .....                    (no boots)
Stlth   ..........               (no amulet)
HPRegen 0.13/turn                (no ring)
MPRegen 0.10/turn                (no ring)

@: hasted, very quick
A: no striking features
a: Renounce Religion, Depart the Abyss, Bend Space


You were on level 2 of the Dungeon.
You worshipped Lugonu.
Lugonu was pleased with you.
You visited 1 branch of the dungeon, and saw 2 of its levels.
You visited the Abyss 1 time.

You collected 114 gold pieces.

Inventory:

Hand Weapons
 a - a +1 hand axe (weapon)
Missiles
 c - 17 stones
Armour
 b - a +0 leather armour
 f - a +0 plate armour (worn)
Scrolls
 d - a scroll of butterflies {unknown}
 g - a scroll of poison {unknown}
 i - 2 scrolls of identify {unknown}
 j - a scroll of silence {unknown}
 k - 2 scrolls of teleportation {unknown}
Potions
 e - a potion of haste
 h - a potion of flight {unknown}
 l - 2 potions of heal wounds {unknown}


   Skills:
 + Level 4.3 Fighting
 + Level 3.7 Axes
 + Level 3.0 Armour
 + Level 1.5 Dodging
 + Level 3.4 Invocations


You had 3 spell levels left.
You didn't know any spells.
Your spell library contained the following spells:

 Spells                   Type           Power      Damage    Failure   Level
 Beastly Appendage        Tmut           0%         N/A       100%        1
 Wereblood                Tmut           0%         N/A       100%        2
 Portal Projectile        Hex/Tloc       0%         N/A       100%        3
 Spider Form              Tmut/Pois      0%         N/A       100%        3
 Tukima's Dance           Hex            0%         N/A       100%        3
 Blade Hands              Tmut           0%         N/A       100%        5


Dungeon Overview and Level Annotations

Branches:
Dungeon (2/15)

Altars:
Beogh

Shops:
D:1 [

Annotations:
D:2 Natasha


Message History

Natasha is moderately wounded.
You hit the white imp but do no damage. You hit the iron imp.
The white imp hits you but does no damage.
The iron imp hits you. Natasha casts a spell at you.
You resist with some effort.
It was a potion of haste.
You feel yourself speed up. The white imp hits you. The white imp freezes you.
* * * LOW HITPOINT WARNING * * *
Natasha barely misses you. The iron imp hits you.
* * * LOW HITPOINT WARNING * * *
You hit Natasha.
Natasha is moderately wounded.
You hit the white imp. You closely miss the iron imp.
The white imp spits at you. The white imp hits you.
* * * LOW HITPOINT WARNING * * *
The white imp freezes you.
* * * LOW HITPOINT WARNING * * *
Natasha claws you but does no damage.
You hit Natasha.
Natasha is heavily wounded.
You closely miss the white imp. You barely miss the iron imp.
The iron imp hits you.
* * * LOW HITPOINT WARNING * * *
The white imp hits you.
* * * LOW HITPOINT WARNING * * *
The white imp freezes you.
* * * LOW HITPOINT WARNING * * *
Press: ? - help, . - travel, g - get item You can't see that place. [Stash: the +2 sling of the Bashing Gods {speed, rN+++ Will- Str-3 Dex+5}] [the floor.]
Okay, then.
You closely miss Natasha.
Natasha is heavily wounded.
You barely miss the white imp. You hit the iron imp.
Natasha hisses.
Natasha claws you.
You die...

..#.....# #.'....♣.♣♣♣...## #
..#.....# ###.....♣......# #
.################.....).....## #
.# #.......###.........### # .#
#.......#.##......###'####
.#######.......##'###'####......#
.##............##.##.)..'.......#
..'............##5##.####.......#
.##.............@..........######
###†####.......h5....#####.# ##.
# #.# ######....#.##### #.####.÷
# #.#### #....#.....# #....#.# #
#....######....#..##.####......
#####......#######...#.#....#....
...##......#### ######...........
...##.........###<....##.....####
...##.........#....##.#..)...#


You could see an iron imp (summoned), Natasha and a white imp (summoned).

Vanquished Creatures
  Natasha (twice) (D:2)
  An adder (D:2)
  A worm (D:2)
  A dart slug (D:1)
  2 ball pythons
  6 endoplasms
  4 giant cockroaches
  3 goblins
  3 hobgoblins (D:2)
  A bat (D:2)
  3 frilled lizards
  3 kobolds
  4 rats (D:1)
34 creatures vanquished.

Notes
Turn   | Place    | Note
-------+----------+-------------------------------------------
     0 | Abyss:1  | Destapler the Hill Orc Abyssal Knight began the quest for
                  | the Orb.
     0 | Abyss:1  | Reached XP level 1. HP: 19/19 MP: 2/2
    27 | Abyss:1  | Noticed an ancient zyme
    29 | Abyss:1  | Noticed a flayed ghost
    69 | Abyss:1  | Noticed a small abomination
    79 | D:1      | Escaped the Abyss
   270 | D:1      | Found Iqaruj's Armour Boutique.
   382 | D:1      | Found a roughly hewn altar of Beogh.
   388 | D:1      | Reached skill level 1 in Dodging
   388 | D:1      | Reached XP level 2. HP: 24/27 MP: 4/4
   389 | D:1      | Reached ** piety under Lugonu
  1105 | D:1      | Found a faded altar of an unknown god.
  1238 | D:2      | Noticed Natasha
  1249 | D:2      | Killed Natasha
  1250 | D:2      | Reached skill level 4 in Fighting
  1250 | D:2      | Reached XP level 3. HP: 16/33 MP: 5/5
  1463 | D:2      | Identified the +2 sling of the Bashing Gods {speed, rN+++
                  | Will- Str-3 Dex+5}
  1482 | D:2      | Reached XP level 4. HP: 12/40 MP: 6/6
  1811 | D:2      | Noticed Natasha
  1833 | D:2      | Killed Natasha
  2307 | D:2      | Noticed Natasha
  2321 | D:2      | HP: 1/41 [white imp[Natasha] (4)]
  2322 | D:2      | Slain by Natasha

Illustrated notes

Levels and vault maps discovered:
D:1:      roderic_chinese_lattice_arrival, layout_basic, serial_shops,
          nicolae_shop_behind_doors, hellmonk_ecumenical_altar_defaced_shrine
D:2:      layout_basic, kennysheep_potato, uniq_natasha

Skill      XL: |  1  2  3  4 |
---------------+-------------+-----
Dodging        | 1 |  1.5
Axes           | 3 |  3.7
Fighting       | 4 |  4.3
Invocations    | 3 |  3.4
Armour         | 3 |  3.0

Action                   |  1- 3 |  4- 6 || total
-------------------------+-------+-------++-------
Melee: Hand axe          |    76 |    48 ||   124
       Punch             |       |     2 ||     2
Invok: Depart the Abyss  |     1 |       ||     1
  Use: Scroll            |     1 |       ||     1
       Potion            |     1 |     1 ||     2
Armor: Leather armour    |     8 |       ||     8
       Plate armour      |    21 |    36 ||    57
Dodge: Dodged            |    36 |    13 ||    49

Table legend: (Time is in decaauts)
 A = Elapsed time spent in this place.
 B = Non-inter-level travel time spent in this place.
 C = Inter-level travel time spent in this place.
 D = Time resting spent in this place.
 E = Time spent auto-exploring this place.
 F = Levels seen in this place.
 G = Mean time per level.
                   A        B        C        D        E       F      G
               +--------+--------+--------+--------+--------+-----+--------+
         Total |   2371 |   2284 |     87 |    550 |   1389 |   3 |  790.3 |
       Dungeon |   2292 |   2205 |     87 |    550 |   1389 |   2 | 1146.0 |
         Abyss |     79 |     79 |      0 |      0 |      0 |   1 |   79.0 |
               +--------+--------+--------+--------+--------+-----+--------+

Top non-repeatable levels by time:
     D:1: 1165 daAuts
     D:2: 1127 daAuts
 Abyss:1: 79 daAuts
